Map: Orbital Shipyard

Players

TgfB

  • Race: Protoss Protoss
  • League: Diamond

Matiz - Winner!

  • Race: Zerg Zerg
  • League: Master

Event: Lycan League Weekly August #2

VOD

Have the link to the VOD?

Description

Time

  • Played on: Aug. 10, 2015, 12:49 p.m.
  • Length: 11:11

All games in this series

Show
View Real Time Build Order
Export as new Build Order

TgfB Protoss 

Build Orders: 1 Gate Expand 

Get SALT Encoding   

  12  0:05  Probe  
  13  0:14  Pylon  
  13  0:18  Probe  
  14  0:32  Probe (Chrono Boost)  
  15  0:38  Gateway  
  15  0:41  Probe (Chrono Boost)  
  16  0:49  Probe  
  17  0:50  Assimilator  
  17  1:01  Probe (Chrono Boost)  
  19  1:12  Probe (Chrono Boost)  
  19  1:19  Probe  
  19  1:23  Nexus  
  20  1:31  Probe  
  21  1:37  Cybernetics Core  
  21  1:43  Pylon  
  21  1:45  Probe (Chrono Boost)  
  22  1:51  Assimilator  
  23  2:02  Probe (Chrono Boost)  
  23  2:09  Probe (Chrono Boost)  
  23  2:13  Adept, Warp Gate  
  26  2:21  Probe (Chrono Boost)  
  27  2:24  Forge  
  27  2:25  Pylon  
  27  2:28  Probe (Chrono Boost)  
  28  2:35  Probe  
  29  2:41  Adept (Chrono Boost)  
  29  2:42  Probe  
  32  2:47  Probe  
  35  2:59  Probe (Chrono Boost)  
  35  3:00  Mothership Core (Chrono Boost)  
  35  3:01  Sentry  
  38  3:10  Protoss Ground Weapons Level 1 (Chrono Boost)  
  38  3:11  Probe (Chrono Boost)  
  39  3:18  Probe x2 (Chrono Boost)  
  41  3:21  Pylon  
  41  3:28  Probe x2  
  41  3:34  Nexus  
  43  3:37  Pylon  
  43  3:40  Probe  
  43  3:41  Probe  
  45  3:43  Sentry  
  49  4:00  Photon Cannon  
  49  4:03  Pylon  
  49  4:05  Gateway  
  49  4:08  Gateway  
  47  4:13  Probe x2  
  48  4:25  Probe (Chrono Boost)  
  48  4:28  Assimilator  
  48  4:29  Twilight Council  
  48  4:30  Probe (Chrono Boost)  
  50  4:32  Sentry, Assimilator  
  50  4:36  Probe (Chrono Boost)  
  54  4:40  Probe (Chrono Boost)  
  54  4:44  Probe (Chrono Boost)  
  55  4:48  Probe (Chrono Boost)  
  55  4:49  Gateway  
  55  4:50  Gateway  
  55  4:51  Probe (Chrono Boost)  
  55  4:52  Probe (Chrono Boost), Robotics Facility  
  58  4:57  Probe (Chrono Boost)  
  58  4:59  Probe (Chrono Boost)  
  60  5:06  Probe (Chrono Boost)  
  62  5:09  Probe (Chrono Boost), Protoss Ground Weapons Level 2 (Chrono Boost)  
  62  5:11  Probe (Chrono Boost)  
  64  5:14  Probe (Chrono Boost)  
  64  5:16  Probe (Chrono Boost)  
  64  5:19  Pylon  
  66  5:22  Assimilator  
  66  5:23  Probe (Chrono Boost)  
  66  5:26  Assimilator  
  66  5:27  Adept x2  
  66  5:28  Probe (Chrono Boost)  
  72  5:30  Probe (Chrono Boost)  
  72  5:33  Probe (Chrono Boost)  
  72  5:34  Probe (Chrono Boost)  
  74  5:37  Probe  
  74  5:40  Observer  
  76  5:43  Probe, Pylon  
  76  5:45  Probe  
  76  5:49  Robotics Facility  
  78  5:52  Probe  
  78  5:55  Probe  
  80  5:57  Shield Upgrade (Chrono Boost)  
  80  6:00  Adept x2  
  80  6:01  Immortal  
  88  6:14  Pylon  
  88  6:18  Stalker x3  
  94  6:19  Gateway  
  94  6:21  Gateway  
  94  6:23  Pylon  
  94  6:30  Dark Shrine, Pylon  
  94  6:39  Immortal (Chrono Boost)  
  98  6:45  Warp Prism (Chrono Boost)  
  98  6:46  Robotics Bay  
  100  6:48  Adept  
  100  6:49  Adept x4  
  110  6:55  Blink (Chrono Boost)  
  110  6:57  Gateway  
  110  6:59  Pylon  
  110  7:21  Observer (Chrono Boost)  
  117  7:40  Pylon  
  117  7:41  Disruptor x3 (Chrono Boost)  
  117  7:42  Nexus, Disruptor (Chrono Boost)  
  117  7:44  Pylon  
  117  7:46  Dark Templar  
  117  7:47  Dark Templar  
  119  7:59  Zealot x4  
  119  8:00  Adept  
  129  8:16  Disruptor x2  
  135  8:24  Dark Templar, Disruptor  
  135  8:25  Zealot x5  
  135  8:26  Adept x2  
  151  8:29  Disruptor  
  151  8:38  Pylon  
  151  8:40  Pylon  
  149  8:41  Pylon  
  149  8:44  Pylon  
  149  8:46  Disruptor  
  145  8:56  Zealot x5  
  145  8:57  Adept x2  
  91  9:24  Stalker x4  
  85  9:36  Stargate  
  85  9:37  Stargate  
  70  9:50  Stalker x3  
  43  10:15  Stalker x2  
  43  10:21  Void Ray x2 (Chrono Boost)  
  53  10:40  Dark Templar x2  
Show
View Real Time Build Order
Export as new Build Order

Matiz Zerg - Winner!

Build Orders: Hatch First, Lurkers 

Get SALT Encoding   

  12  0:01  Drone  
  13  0:12  Overlord  
  13  0:18  Drone  
  14  0:23  Extractor  
  14  0:25  Drone  
  15  0:32  Drone  
  15  0:35  Drone  
  17  0:47  Drone  
  18  0:55  Hatchery  
  17  0:59  Drone  
  18  1:12  Spawning Pool  
  18  1:16  Drone  
  19  1:18  Drone  
  19  1:30  Extractor  
  19  1:32  Drone  
  19  1:39  Drone  
  20  1:44  Hatchery  
  19  1:59  Queen  
  19  2:01  Zergling x2  
  22  2:07  Queen  
  24  2:08  Drone  
  24  2:12  Drone  
  26  2:17  Overlord  
  26  2:25  Drone x2  
  28  2:37  Metabolic Boost  
  28  2:44  Drone x4  
  32  2:52  Overlord  
  32  3:01  Drone x3  
  35  3:08  Drone x6  
  41  3:14  Drone  
  41  3:17  Drone  
  41  3:18  Drone x3  
  46  3:20  Zergling x4  
  47  3:27  Overlord  
  47  3:29  Queen  
  49  3:41  Overlord  
  49  3:45  Roach Warren, Queen  
  50  3:50  Drone x6  
  50  3:54  Overlord  
  56  3:57  Zergling x2  
  56  4:01  Drone x2  
  56  4:02  Drone x3  
  62  4:07  Extractor  
  62  4:09  Overlord, Extractor  
  60  4:12  Drone x2  
  60  4:17  Drone  
  63  4:21  Extractor  
  63  4:23  Lair, Extractor  
  61  4:24  Drone x2  
  63  4:31  Drone  
  63  4:35  Drone x6  
  70  4:40  Overlord  
  70  4:43  Roach x3  
  70  4:44  Overlord, Roach  
  78  4:53  Drone x3  
  78  4:54  Overlord  
  78  4:55  Overlord x2  
  78  4:59  Evolution Chamber  
  80  5:01  Evolution Chamber, Overlord, Extractor  
  80  5:02  Drone x2  
  80  5:07  Roach x3  
  86  5:08  Drone  
  86  5:12  Drone x4  
  91  5:20  Hatchery, Roach  
  92  5:21  Glial Reconstitution  
  92  5:27  Zerg Missile Weapons Level 1  
  92  5:28  Zerg Ground Armor Level 1  
  92  5:33  Drone x2  
  92  5:34  Drone  
  92  5:35  Hydralisk Den  
  94  5:37  Roach  
  94  5:38  Roach  
  98  5:45  Burrow  
  98  5:47  Drone x4  
  98  5:49  Roach x2  
  107  5:50  Roach  
  107  5:52  Roach  
  107  5:53  Lurker Den  
  109  5:58  Overlord  
  109  5:59  Overseer  
  109  6:01  Roach x2  
  109  6:02  Roach x2  
  116  6:22  Drone x2  
  116  6:23  Drone x2, Overlord x3  
  116  6:24  Hydralisk, Roach  
  116  6:25  Roach x4  
  132  6:31  Overseer  
  132  6:36  Overlord x2  
  132  6:40  Roach  
  132  6:41  Overlord  
  132  6:42  Overlord, Hydralisk x3  
  140  6:52  Drone  
  140  6:53  Drone  
  142  6:55  Overlord, Hydralisk x5, Extractor  
  142  6:56  Extractor  
  150  7:07  Drone x3  
  150  7:08  Hydralisk x5  
  163  7:18  Roach x2  
  163  7:19  Roach x3  
  163  7:21  Lurker  
  174  7:23  Lurker  
  174  7:27  Overlord  
  175  7:38  Zerg Missile Weapons Level 2  
  175  7:44  Zerg Ground Armor Level 2  
  175  7:47  Muscular Augments  
  175  7:52  Drone x3  
  175  7:56  Hatchery, Lurker  
  175  7:57  Lurker  
  179  8:07  Lurker x2  
  181  8:17  Lurker  
  181  8:18  Lurker  
  182  8:22  Overseer x2  
  182  8:25  Roach x4  
  172  8:41  Roach x5  
  155  8:56  Roach x4  
  155  8:57  Drone x2  
  155  9:00  Pneumatized Carapace  
  153  9:06  Roach x9  
  154  9:15  Roach x4  
  160  9:24  Roach x2  
  156  9:26  Overseer  
  155  9:34  Roach x2  
  156  9:40  Roach  
  154  9:50  Roach x2  
  158  9:54  Roach  
  152  10:03  Drone x6  
  152  10:04  Drone x3  
  149  10:21  Lurker  
  144  10:30  Roach x5  
  144  10:31  Roach  
  144  10:33  Roach  
  144  10:34  Roach  
  158  10:38  Roach  

Tags
 
Add a new tag
Caveats
  • Supply blocks, unpowered buildings, or Contaminate may cause inaccurate times.
  • Supply counts are checked every 10 seconds.